 Dungeon Crawl Stone Soup version 0.31-a0-865-g3d5d91748a (webtiles) character file.

Game seed: 6760830760546353916

114 LeprechaunX the Changeling (level 4, -2/43 HPs)
             Began as an Octopode Shapeshifter on Oct 10, 2023.
             Slain by Grinder (4 damage)
             ... on level 3 of the Dungeon.
             The game lasted 00:02:26 (1914 turns).

LeprechaunX the Changeling (Octopode Shapeshifter)  Turns: 1914, Time: 00:02:26

Health: -2/43      AC: 22    Str: 15    XL:     4   Next: 97%
Magic:  13/13      EV:  2    Int: 12    God:
Gold:   126        SH:  0    Dex: 11    Spells: 3/3 levels left

rFire   . .          .
                       - Unarmed
rCold   . . .        (no shield)
rNeg    . . .        (helmet currently unavailable)
rPois   +            (no amulet)
rElec   .            j - ring of willpower
rCorr   .            o - ring of magical power
SInv    .            (no ring)
Will    +....        (no ring)
Stlth   +            (no ring)
HPRegen 0.27/turn    (no ring)
MPRegen 0.13/turn    (no ring)
                     (no ring)

%: no passive effects
@: tree-form
A: stationary, stasis, torment immunity, boosted hp, almost no armour,
(amphibious), 8 rings, (camouflage 1), (gelatinous body 1), (nimble swimmer 1),
(tentacles)
a: no special abilities


You were on level 3 of the Dungeon.
You were a tree.
You visited 1 branch of the dungeon, and saw 3 of its levels.

You collected 126 gold pieces.

Inventory:

Jewellery
 j - a ring of willpower (left branch)
 o - a ring of magical power (right branch)
Talismans
 b - a beast talisman
 c - a flux talisman
 n - a serpent talisman
Scrolls
 d - 2 scrolls of vulnerability {unknown}
 f - 2 scrolls of identify {unknown}
 i - a scroll of enchant armour {unknown}
 l - a scroll of enchant weapon {unknown}
 m - 2 scrolls of summoning {unknown}
 p - a scroll of teleportation {unknown}
Potions
 a - a potion of lignification
 e - a potion of ambrosia {unknown}
 g - a potion of magic {unknown}
 h - a potion of mutation {unknown}
 k - 2 potions of attraction {unknown}
 q - a potion of curing {unknown}
 r - 2 potions of degeneration {unknown}
 s - a potion of haste {unknown}


   Skills:
 + Level 2.1 Fighting
 + Level 2.7 Dodging
 + Level 3.5 Unarmed Combat
 * Level 4.0 Shapeshifting


You had 3 spell levels left.
You didn't know any spells.
Your spell library contained the following spells:

 Spells                   Type           Power      Damage    Failure   Level
 Apportation              Tloc           0%         N/A       32%         1
 Jinxbite                 Hex            0%         N/A       45%         2
 Alistair's Intoxication  Tmut/Pois      0%         N/A       100%        5


Dungeon Overview and Level Annotations

Branches:
Dungeon (3/15)

Altars:
Zin

Annotations:
D:3 Grinder


Innate Abilities, Weirdness & Mutations

You are a tree.
Your roots penetrate the ground, keeping you stationary.
You cannot be teleported.
You are immune to unholy pain and torment.
Your maximum health is greatly increased.
You cannot wear most types of armour.
((You are amphibious.))
You can wear up to eight rings at the same time.
((Your skin changes colour to match your surroundings (Stealth+).))
((Your rubbery body absorbs attacks. (AC +1, EV +1)))
((You are camouflaged when in or above water. (Stealth+)))
((You have tentacles for arms and can constrict up to eight enemies at once.))


Message History

Grinder says, "I used to sell toenails on the black market."
Grinder hits you but does no damage.
You hit Grinder but do no damage.
Grinder is heavily wounded.
Grinder gestures at you.
You suddenly lose the ability to move!
Grinder hits you but does no damage. x2
Grinder hits you!
* * * LOW HITPOINT WARNING * * *
You can move again.
You closely miss Grinder.
Grinder is heavily wounded.
Grinder hits you but does no damage.
You barely miss Grinder.
Grinder is heavily wounded.
Grinder hits you but does no damage.
You barely miss Grinder.
Grinder is heavily wounded.
Grinder hits you but does no damage.
You hit Grinder but do no damage.
Grinder is heavily wounded.
Grinder hits you.
* * * LOW HITPOINT WARNING * * *
You writhe in agony.
* * * LOW HITPOINT WARNING * * *
You hit Grinder but do no damage. You punch Grinder, but do no damage.
Grinder is heavily wounded.
Grinder hits you but does no damage.
You closely miss Grinder.
Grinder is heavily wounded.
Grinder hits you but does no damage.
You hit Grinder.
Grinder is heavily wounded.
Grinder hits you.
* * * LOW HITPOINT WARNING * * *
You smack Grinder!
Your punch misses Grinder.
Grinder is almost dead.
Grinder hits you.
You die...
Grinder says, "Now the real fun starts!"

.#
#..##..#.###..)..#.#....
.# .#
#..##..##...#.####.......
.# #..##..######.#
#...#### .###(.##..# #.#
... ((# .†........# #.#
####..###.# #.#
#..###.######.#
#>............#####..
#######......♣5......
#####..........
###########


You could see Grinder.

Vanquished Creatures
  An orc priest (D:3)
  2 adders (D:2)
  2 dart slugs (D:1)
  3 orcs (D:3)
  8 endoplasms
  A giant cockroach (D:2)
  8 goblins
  5 hobgoblins
  5 jackals (D:3)
  4 kobolds
  3 ball pythons
  6 bats
  5 frilled lizards
  3 rats
56 creatures vanquished.

Notes
Turn   | Place    | Note
-------+----------+-------------------------------------------
     0 | D:1      | LeprechaunX the Octopode Shapeshifter began the quest for
                  | the Orb.
     0 | D:1      | Reached XP level 1. HP: 13/13 MP: 1/1
     3 | D:1      | Noticed an electric eel
     4 | D:1      | Noticed an electric eel
   121 | D:1      | Reached XP level 2. HP: 18/18 MP: 2/2
   500 | D:1      | Reached XP level 3. HP: 23/23 MP: 3/3
  1465 | D:2      | Reached XP level 4. HP: 28/29 MP: 4/4
  1663 | D:3      | Found a glowing silver altar of Zin.
  1736 | D:3      | Reached skill level 4 in Shapeshifting
  1839 | D:3      | Noticed a +0 hand axe
  1839 | D:3      | Noticed a +0 hand axe
  1892 | D:3      | Noticed Grinder
  1903 | D:3      | Paralysed by Grinder for 3 turns
  1913 | D:3      | HP: 2/43 [Grinder (4)]
  1914 | D:3      | Slain by Grinder

Illustrated notes

Levels and vault maps discovered:
D:1:      arrival_aquarium_b, layout_basic, serial_bayou_pond_a
D:2:      layout_rooms
D:3:      layout_loops_ring, overflow_temple_1_default, dancing_weapons_uskayaw,
          uniq_grinder, uniq_pargi, uniq_terence

Skill      XL: |  1  2  3  4 |
---------------+-------------+-----
Fighting       | 2 |  2.1
Shapeshifting  | 4 |  4.0
Dodging        | |  2.7
Unarmed Combat | |  3.5

Action                     |  1- 3 |  4- 6 || total
---------------------------+-------+-------++-------
  Melee: Unarmed           |    67 |    42 ||   109
         Constrict         |    17 |     2 ||    19
         Tentacles         |     8 |     7 ||    15
         Punch             |       |     1 ||     1
    Use: Potion            |       |     1 ||     1
   Stab: Sleeping          |     8 |     1 ||     9
 Armour: Skin              |    21 |    21 ||    42
  Dodge: Dodged            |    26 |    10 ||    36

Table legend: (Time is in decaauts)
 A = Elapsed time spent in this place.
 B = Non-inter-level travel time spent in this place.
 C = Inter-level travel time spent in this place.
 D = Time resting spent in this place.
 E = Time spent auto-exploring this place.
 F = Levels seen in this place.
 G = Mean time per level.
                   A        B        C        D        E       F      G
               +--------+--------+--------+--------+--------+-----+--------+
         Total |   1906 |   1825 |     81 |      0 |   1507 |   3 |  635.3 |
       Dungeon |   1906 |   1825 |     81 |      0 |   1507 |   3 |  635.3 |
               +--------+--------+--------+--------+--------+-----+--------+

Top non-repeatable levels by time:
     D:1: 1029 daAuts
     D:2: 574 daAuts
     D:3: 301 daAuts
